 Dungeon Crawl Stone Soup version 0.31-b1-22-gc680215f68 (webtiles) character file.

Game seed: 3565884165025288595

2164 PaiMei the Ruffian (level 9, -12/91 HPs)
             Began as a Troll Monk on Jan 18, 2024.
             Was a Believer of Wu Jian.
             Mangled by a death yak (16 damage)
             ... on level 8 of the Dungeon.
             The game lasted 00:09:35 (6440 turns).

PaiMei the Ruffian (Troll Monk)                     Turns: 6440, Time: 00:09:36

Health: -12/91     AC:  5    Str: 29    XL:     9   Next: 10%
Magic:  0/8        EV: 12    Int:  8    God:    Wu Jian [**....]
Gold:   169        SH:  0    Dex: 12    Spells: 8/8 levels left

rFire   . .          .
                       - Unarmed
rCold   . . .        c - orb {light}
rNeg    . . .        a - +0 robe
rPois   .            (helmet restricted)
rElec   .            z - +0 cloak
rCorr   .            (gloves unavailable)
SInv    .            (boots unavailable)
Will    .....        F - amulet of guardian spirit
Stlth   +            E - +6 ring of strength
HPRegen 1.15/turn    (no ring)
MPRegen 0.11/turn

%: guardian spirit
@: glowing
A: large, unfitting armour, claws 3, regeneration 1, shaggy fur 1, tough skin 1
a: Renounce Religion, Wall Jump


You were on level 8 of the Dungeon.
You worshipped Wu Jian.
Wu Jian was pleased with you.
You visited 2 branches of the dungeon, and saw 9 of its levels.

You collected 382 gold pieces.
You spent 213 gold pieces at shops.

Inventory:

Hand Weapons
 o - a +5 club
 A - a +2 heavy hammer
 B - a +2 flail of protection
Missiles
 e - 25 poisoned darts (quivered)
 D - 2 throwing nets
 H - a curare-tipped dart
 I - 5 atropa-tipped darts
Armour
 a - a +0 robe (worn)
 c - an orb of light (worn)
 z - a +0 cloak (worn)
 K - a scarf of harm
Jewellery
 w - a ring of flight
 E - a +6 ring of strength (left claw)
 F - an amulet of guardian spirit (around neck)
Wands
 y - a wand of mindburst (10)
 C - a wand of paralysis (5)
Scrolls
 d - 3 scrolls of vulnerability {unknown}
 h - 2 scrolls of fear {unknown}
 k - 9 scrolls of identify
 l - 3 scrolls of brand weapon {unknown}
 p - 3 scrolls of enchant weapon {unknown}
 q - 2 scrolls of noise {unknown}
 r - 4 scrolls of teleportation
 s - 2 scrolls of revelation {unknown}
 t - 2 scrolls of enchant armour {unknown}
 u - 2 scrolls of amnesia {unknown}
 G - a scroll of immolation {unknown}
Potions
 b - 2 potions of ambrosia
 f - 3 potions of cancellation {unknown}
 g - 4 potions of curing
 i - 3 potions of lignification {unknown}
 j - a potion of attraction {unknown}
 m - a potion of might {unknown}
 n - a potion of brilliance {unknown}
 v - a potion of enlightenment {unknown}
 x - a potion of haste
 J - a potion of heal wounds {unknown}
 L - a potion of invisibility {unknown}


   Skills:
 + Level 6.3 Fighting
 + Level 6.2 Dodging
 + Level 7.6 Unarmed Combat


You had 8 spell levels left.
You didn't know any spells.
Your spell library contained the following spells:

 Spells                   Type           Power      Damage    Failure   Level
 Kiss of Death            Conj/Necr      0%         2d5       41%         1
 Necrotise                Necr           0%         1d4       41%         1
 Confusing Touch          Hex            0%         N/A       78%         3
 Vampiric Draining        Necr           0%         2d6       78%         3
 Dispel Undead            Necr           0%         3d6       99%         4
 Martyr's Knell           Necr/Summ      0%         N/A       99%         4
 Curse of Agony           Necr           0%         N/A       100%        5


Dungeon Overview and Level Annotations

Branches:
Dungeon (8/15)             Temple (1/1) D:6            Lair (0/5) D:8

Altars:
Ashenzari
Cheibriados
Elyvilon
Fedhas
Gozag
Hepliaklqana
Makhleb
Nemelex Xobeh
Okawaru
Qazlal
Ru
Sif Muna
Trog
Uskayaw
Vehumet
Wu Jian
Xom
Yredelemnul
The Shining One

Shops:
D:5 !   D:6 ?

Annotations:
D:6 3 runed translucent doors, Aldia's ghost, amateur NaAl; Esekla's ghost, novice OpDe; Marethyu's ghost, novice OnGl; dornbeast's ghost, novice GnWn; middlethird's ghost, novice VSSh
D:8 Maurice


Innate Abilities, Weirdness & Mutations

You are too large for most types of armour.
You have claws for hands.
Your natural rate of healing is unusually fast.
You are covered in fur. (AC +1)
You have tough skin. (AC +1)


Message History

The death yak is moderately wounded.
The death yak gores you!!
The orc priest looks satisfied for a moment.
You mangle the death yak!!
The death yak is heavily wounded.
The death yak gores you.
You scratch the death yak but do no damage.
The death yak is heavily wounded.
The death yak gores you!
You scratch the death yak but do no damage.
The death yak is heavily wounded.
The death yak gores you!!
Maurice gestures wildly while chanting.
Maurice blinks!
The orc priest mumbles some strange prayers to Beogh against you.
Beogh smites you!
* * * LOW HITPOINT WARNING * * *
The death yak snorts and paws the ground.
The death yak attacks as it pursues you!
The death yak gores you.
* * * LOW HITPOINT WARNING * * *
There is nothing to wall jump against here.
Aiming: Paralyse
Press: ? - help, Shift-Dir - straight line, f - death yak
Aim: a death yak (heavily wounded, haloed, chance to affect: 1%)
Okay, then.
Aiming: Mindburst
Press: ? - help, Shift-Dir - straight line, f - death yak
Aim: a death yak (heavily wounded, haloed, chance to affect: 6%)
Okay, then.
Unknown command.
You scratch the death yak.
The death yak is heavily wounded.
You scratch the death yak but do no damage.
The death yak is heavily wounded.
The death yak gores you!!
* * * LOW HITPOINT WARNING * * *
The death yak attacks as it pursues you!
The death yak gores you!
You die...

##.........# #.#
#.#######.# #†#
#.#....##.# #Y#
#.##.#.<#.# #f#
#.##.####.# #o#
#.##....#.# #r#
#.#####.#.# #.#
#.#####.#.#######.#
#.......#....@Y.ro#
#.###########.###.#
### ### ###


You could see a death yak, a hell rat and an orc priest.

Vanquished Creatures
  Grinder (D:5)
  3 water moccasins (D:7)
  An ice beast (D:7)
  A sky beast (D:7)
  2 black bears (D:7)
  2 centaurs (D:7)
  2 phantoms
  A kobold brigand (D:6)
  2 bullfrogs
  5 scorpions
  A howler monkey (D:5)
  A bombardier beetle (D:4)
  Crazy Yiuf (D:5)
  An orc priest (D:7)
  3 hounds (D:6)
  Jessica (D:2)
  Ijyb (D:5)
  An orc wizard (D:7)
  A sleepcap (D:6)
  4 adders
  7 white imps
  2 ufetubi (D:5)
  2 dart slugs
  A ribbon worm (D:3)
  6 orcs
  3 ball pythons
  4 bats
  10 endoplasms
  6 giant cockroaches
  6 goblins
  6 hobgoblins
  4 jackals (D:1)
  12 kobolds
  A quokka (D:1)
  9 rats
114 creatures vanquished.

Notes
Turn   | Place    | Note
-------+----------+-------------------------------------------
     0 | D:1      | PaiMei the Troll Monk began the quest for the Orb.
     0 | D:1      | Reached XP level 1. HP: 22/22 MP: 0/0
    66 | D:1      | Reached XP level 2. HP: 26/29 MP: 1/1
   484 | D:1      | Reached XP level 3. HP: 36/36 MP: 2/2
   968 | D:2      | Noticed Jessica
   972 | D:2      | Killed Jessica
   973 | D:2      | Reached XP level 4. HP: 40/45 MP: 3/3
  1556 | D:3      | Found a snail-covered altar of Cheibriados.
  1747 | D:3      | Found a faded altar of an unknown god.
  2130 | D:4      | Noticed a scorpion
  2150 | D:4      | Killed a scorpion
  2151 | D:4      | Reached skill level 4 in Unarmed Combat
  2151 | D:4      | Reached XP level 5. HP: 34/53 MP: 4/4
  3004 | D:5      | Entered Level 5 of the Dungeon
  3019 | D:5      | Reached XP level 6. HP: 62/62 MP: 5/5
  3021 | D:5      | Noticed Ijyb
  3240 | D:5      | Found Bixy's Distillery.
  3245 | D:5      | Bought a potion of curing for 33 gold pieces
  3245 | D:5      | Bought a potion of haste for 110 gold pieces
  3401 | D:5      | Killed Ijyb
  3424 | D:5      | Noticed Grinder
  3429 | D:5      | Paralysed by Grinder for 4 turns
  3437 | D:5      | Paralysed by Grinder for 3 turns
  3441 | D:5      | Killed Grinder
  3442 | D:5      | Reached skill level 5 in Unarmed Combat
  3724 | D:5      | Found a runed translucent door.
  3725 | D:5      | Noticed Crazy Yiuf
  4254 | D:5      | Killed Crazy Yiuf
  4255 | D:5      | Reached XP level 7. HP: 71/71 MP: 6/6
  4501 | D:6      | Found a runed translucent gate.
  4502 | D:6      | Found a runed translucent gate.
  4502 | D:6      | Found a runed translucent gate.
  4504 | D:6      | Noticed Aldia's ghost (amateur NaAl)
  4504 | D:6      | Noticed Marethyu's ghost (novice OnGl)
  4505 | D:6      | Noticed dornbeast's ghost (novice GnWn)
  4505 | D:6      | Noticed middlethird's ghost (novice VSSh)
  4505 | D:6      | Noticed Esekla's ghost (novice OpDe)
  4777 | D:6      | Found a staircase to the Ecumenical Temple.
  4807 | D:6      | Reached skill level 5 in Fighting
  4984 | D:6      | Reached skill level 6 in Unarmed Combat
  5036 | D:6      | Reached skill level 5 in Dodging
  5042 | D:6      | Found Colaluy's Magic Scroll Shoppe.
  5051 | D:6      | Bought a scroll of teleportation for 42 gold pieces
  5051 | D:6      | Bought a scroll of identify for 28 gold pieces
  5090 | D:6      | Reached XP level 8. HP: 76/80 MP: 7/7
  5253 | Temple   | Entered the Ecumenical Temple
  5370 | Temple   | Became a worshipper of the Wu Jian Council
  5370 | Temple   | Reached * piety under Wu Jian
  5370 | Temple   | Reached ** piety under Wu Jian
  5647 | D:7      | Reached skill level 7 in Unarmed Combat
  6096 | D:7      | Reached XP level 9. HP: 88/89 MP: 8/8
  6259 | D:7      | Identified the +1 ring mail of Gurchor {Will++ Str+4}
  6412 | D:8      | Noticed a death yak
  6413 | D:8      | Found a staircase to the Lair.
  6413 | D:8      | Noticed a death yak
  6414 | D:8      | Noticed a death yak
  6414 | D:8      | Noticed Maurice
  6439 | D:8      | HP: 3/91 [death yak (20)]
  6440 | D:8      | Mangled by a death yak

Illustrated notes

Levels and vault maps discovered:
D:1:      lightli_arrival_statue_moat, layout_loops_cross, minmay_tiny_reverse_x
D:2:      layout_rooms, uniq_jessica
D:3:      layout_loops_corners, nicolae_overflow_hidden_temple,
          chequers_ecumenical_altar_island, minmay_misc_feat_four_crosses
D:4:      layout_gridville, grunt_ministairs_1, hangedman_decor_peaks_small,
          minmay_bisected
D:5:      wander_river, layout_cave_pods, serial_shops,
          nicolae_shop_hallway_stairs, dk_noncrumbling_2,
          uniq_crazy_yiuf_cottage, uniq_grinder, uniq_ijyb
D:6:      layout_loops_ring, minmay_temple_entry_wispy,
          gammafunk_ghost_cemetery, serial_shops, shop,
          kennysheep_generic_room_8
D:7:      layout_basic
D:8:      layout_basic, gammafunk_temple_overflow_forgotten, dpeg_lair_monsters,
          minmay_hollow_rounded_squares, uniq_maurice
Temple:   nicolae_temple_bog_church

Skill      XL: |  1  2  3  4  5  6  7  8 |
---------------+-------------------------+-----
Fighting       | 3 4 5 6 |  6.3
Dodging        | 3 4 5 6 |  6.2
Unarmed Combat | 4 5 6 7 |  7.6

Action                     |  1- 3 |  4- 6 |  7- 9 || total
---------------------------+-------+-------+-------++-------
  Melee: Unarmed           |    81 |    95 |   122 ||   298
Ability: Lunge             |       |       |     7 ||     7
         Whirlwind         |       |       |     2 ||     2
 Armour: Robe              |    50 |    77 |    87 ||   214
  Dodge: Dodged            |    40 |    52 |    54 ||   146
